 Dungeon Crawl Stone Soup version 0.31-a0-1597-ge7908ec95f (webtiles) character file.

Game seed: 15912078540412290859

148 Ge0ff the Apothecary (level 5, -2/35 HPs)
             Began as a Vampire Alchemist on Jan 6, 2024.
             Slain by an ogre
             ... wielding a +0 giant club
              (22 damage)
             ... on level 3 of the Dungeon on Jan 7, 2024.
             The game lasted 00:08:00 (4012 turns).

Ge0ff the Apothecary (Vampire Alchemist)            Turns: 4012, Time: 00:08:00

Health: -2/35      AC:  3    Str:  7    XL:     5   Next: 8%
Magic:  2/8        EV: 12    Int: 20    God:
Gold:   81         SH:  0    Dex: 14    Spells: 2/8 levels left

rFire   + . .        a - +2 dagger (vamp)
rCold   . . .        (no shield)
rNeg    . . .        N - +0 robe
rPois   .            Y - +0 helmet
rElec   .            (no cloak)
rCorr   .            (no gloves)
SInv    +            (no boots)
Will    .....        (no amulet)
Stlth   ++           T - ring of wizardry
HPRegen 0.45/turn    O - ring of protection from fire
MPRegen 0.11/turn

%: wizardry (x1)
@: healing quickly
A: alive, fangs 3, see invisible, vampiric 2
a: Exsanguinate


You were on level 3 of the Dungeon.
You visited 1 branch of the dungeon, and saw 3 of its levels.

You collected 81 gold pieces.

Inventory:

Hand Weapons
 a - a +2 vampiric dagger (weapon)
 b - a +3 hand axe of electrocution
Missiles
 M - 50 stones
Armour
 N - a +0 robe (worn)
 Y - a +0 helmet (worn)
Jewellery
 O - a ring of protection from fire (right hand)
 T - a ring of wizardry (left hand)
Wands
 f - a wand of flame (9)
Scrolls
 F - 2 scrolls of fog
 Q - a scroll of enchant armour
 S - a scroll of torment {unknown}
 U - a scroll of brand weapon {unknown}
 X - a scroll of poison {unknown}
 Z - 2 scrolls of teleportation {unknown}
Potions
 q - 2 potions of curing
 K - a potion of magic {!q}
 P - a potion of degeneration {unknown}
 R - 4 potions of resistance
 V - a potion of might {unknown}
 W - a potion of heal wounds {!q}


   Skills:
 - Level 2.1 Dodging
 - Level 3.0 Stealth
 + Level 2.1 Spellcasting
 - Level 3.0 Conjurations
 + Level 2.2 Air Magic
 + Level 3.6 Alchemy


You had 2 spell levels left.
You knew the following spells:

 Your Spells              Type           Power      Damage    Failure   Level
f - Mephitic Cloud        Conj/Alch/Air  13%        N/A       6%          3
k - Sting                 Conj/Alch      60%        1d6       1%          1
C - Mercury Vapours       Alch/Air       26%        N/A       2%          2

Your spell library contained the following spells:

 Spells                   Type           Power      Damage    Failure   Level
 Olgreb's Toxic Radiance  Alch           16%        N/A       14%         4
 Sticky Flame             Fire/Alch      9%         2d5       28%         4


Dungeon Overview and Level Annotations

Branches:
Dungeon (3/15) Zot: 13981

Altars:
Trog
Uskayaw


Innate Abilities, Weirdness & Mutations

Your natural rate of healing is accelerated.
You have razor-sharp teeth.
You have supernaturally acute eyesight. (SInv)
You are afflicted with vampirism and can become a bat while bloodless.


Message History

An ogre comes into view. It is wielding a +0 giant club.
The ogre shouts!
Casting: Sting (safe; 1% risk of failure)
Confirm with . or Enter, or press ? or * to list all spells.
Aiming: Mephitic Cloud (dangerous; 6% risk of failure)
Press: ? - help, Shift-Dir - straight line The ball explodes into a vile cloud!
The stinking cloud engulfs the ogre.
You hear a shout!
The ogre is engulfed in noxious fumes.
Casting: Mephitic Cloud (dangerous; 6% risk of failure)
Confirm with . or Enter, or press ? or * to list all spells.
Aiming: Mephitic Cloud (dangerous; 6% risk of failure)
Press: ? - help, Shift-Dir - straight line, f - ogre
Aim: an ogre, wielding a +0 giant club (chance to affect: 77%)
The ball explodes into a vile cloud!
The stinking cloud engulfs the ogre.
The stinking cloud engulfs you.
You are engulfed in noxious fumes.
You choke on the stench!
You are confused.
The ogre is engulfed in noxious fumes.
The ogre appears confused.
The ogre closely misses you.
The ogre is engulfed in noxious fumes.
The ogre appears confused.
You feel less confused.
The ogre is engulfed in noxious fumes.
The ogre appears confused.
The ogre is engulfed in noxious fumes.
The ogre appears confused.
You hit the ogre.
The ogre is lightly wounded.
The ogre is engulfed in noxious fumes.
The ogre appears confused.
The ogre closely misses you.
You hit the ogre.
The ogre is lightly wounded.
You hit the ogre.
The ogre is moderately wounded.
The ogre is engulfed in noxious fumes.
The ogre appears confused.
You hit the ogre.
The ogre is moderately wounded.
The ogre is engulfed in noxious fumes.
The ogre appears confused.
You barely miss the ogre. You bite the ogre, but do no damage.
The ogre is moderately wounded.
The ogre gestures wildly.
The ogre hits you with a +0 giant club!
Casting: Mephitic Cloud (dangerous; 6% risk of failure)
Confirm with . or Enter, or press ? or * to list all spells.
Aiming: Sting (safe; 1% risk of failure)
Press: ? - help, Shift-Dir - straight line, f/p - ogre
Aim: an ogre, wielding a +0 giant club (moderately wounded, confused, 98% to hit)
The sting hits the ogre.
The ogre is poisoned.
The ogre is heavily wounded.
The ogre hits you with a +0 giant club!!
Ouch! That really hurt!
You die...

#.#≈≈≈≈≈..#
#.#####≈≈.####
... #≈≈....#
### ##≈.##.#
#≈.##.#
#≈....#####
.#.........#
#.......##.#
#.O.>..#.#@#
≈.....#.#.#O#
..#...#.#.#○#
###.##...##.#
#.###.###.#
#.........#
#####.##### #.
#.


You could see an ogre (confused, poisoned).

Vanquished Creatures
  Jessica (D:3)
  Robin (D:2)
  3 adders
  3 ribbon worms
  3 orcs (D:3)
  6 bats
  3 giant cockroaches
  14 goblins
  6 hobgoblins
  3 jackals (D:1)
  8 kobolds
  3 quokkas (D:1)
  5 ball pythons
  3 frilled lizards (D:1)
  5 rats
67 creatures vanquished.

Notes
Turn   | Place    | Note
-------+----------+-------------------------------------------
     0 | D:1      | Ge0ff the Vampire Alchemist began the quest for the Orb.
     0 | D:1      | Reached XP level 1. HP: 13/13 MP: 3/3
    81 | D:1      | Reached skill level 1 in Conjurations
   194 | D:1      | Reached XP level 2. HP: 19/19 MP: 0/5
   197 | D:1      | Learned a level 2 spell: Mercury Vapours
   977 | D:1      | Gained mutation: You are afflicted with vampirism and can
                  | become a bat while bloodless. [Vampire growth]
   977 | D:1      | Reached XP level 3. HP: 22/24 MP: 3/6
  1055 | D:1      | Learned a level 3 spell: Mephitic Cloud
  1471 | D:2      | Reached skill level 1 in Air Magic
  1848 | D:2      | Noticed Robin
  2008 | D:2      | Killed Robin
  2124 | D:2      | Reached XP level 4. HP: 30/30 MP: 5/7
  2485 | D:2      | Found a hide-covered altar of Uskayaw.
  3305 | D:3      | Found a bloodstained altar of Trog.
  3533 | D:3      | Noticed Jessica
  3538 | D:3      | Killed Jessica
  3614 | D:3      | Reached XP level 5. HP: 31/35 MP: 0/8
  3991 | D:3      | Noticed an ogre
  4012 | D:3      | Slain by an ogre

Illustrated notes

Levels and vault maps discovered:
D:1:      dpeg_arrival_signposts, layout_loops_ring, grunt_decor_resistance,
          hangedman_glass_teeth
D:2:      layout_basic, basic_altar, uniq_robin
D:3:      layout_loops_corners, mainiacjoe_overflow_surrounded_room,
          corner_web_ring, grunt_decor_junction, st_stairs_6,
          serial_bayou_pond_d, minmay_misc_feat_rows, uniq_jessica

Skill      XL: |  1  2  3  4  5 |
---------------+----------------+-----
Conjurations   | 1 2 3 |  3.0
Air Magic      | 1 2 |  2.2
Dodging        | |  2.1
Stealth        | |  3.0
Spellcasting   | |  2.1
Alchemy        | |  3.6

Action                     |  1- 3 |  4- 6 || total
---------------------------+-------+-------++-------
  Melee: Hand axe          |    11 |     9 ||    20
         Bite              |     2 |     1 ||     3
         Dagger            |       |     6 ||     6
   Cast: Sting             |    72 |    58 ||   130
         Mephitic Cloud    |       |     2 ||     2
    Use: Scroll            |     5 |     1 ||     6
   Stab: Sleeping          |       |     1 ||     1
 Armour: Robe              |    13 |    16 ||    29
  Dodge: Dodged            |    19 |    21 ||    40

Table legend: (Time is in decaauts)
 A = Elapsed time spent in this place.
 B = Non-inter-level travel time spent in this place.
 C = Inter-level travel time spent in this place.
 D = Time resting spent in this place.
 E = Time spent auto-exploring this place.
 F = Levels seen in this place.
 G = Mean time per level.
                   A        B        C        D        E       F      G
               +--------+--------+--------+--------+--------+-----+--------+
         Total |   4017 |   3943 |     74 |    205 |   3121 |   3 | 1339.0 |
       Dungeon |   4017 |   3943 |     74 |    205 |   3121 |   3 | 1339.0 |
               +--------+--------+--------+--------+--------+-----+--------+

Top non-repeatable levels by time:
     D:2: 1711 daAuts
     D:1: 1331 daAuts
     D:3: 974 daAuts
